 Dungeon Crawl Stone Soup version 0.24-a0-445-gd5110b030a (webtiles) character file.

Game seed: 15942048435546626496

86 theanonym the Ruffian (level 4, -9/35 HPs)
             Began as a Draconian Transmuter on June 22, 2019.
             Splashed by Ijyb's acid (14 damage)
             ... on level 2 of the Dungeon.
             The game lasted 00:02:36 (2538 turns).

theanonym the Ruffian (Draconian Transmuter)        Turns: 2538, Time: 00:02:37

Health: -9/35      AC:  1    Str: 13    XL:     4   Next: 27%
Magic:  6/7        EV: 12    Int: 14    God:
Gold:   105        SH:  0    Dex: 11    Spells: 0/7 levels left

rFire    . . .     SeeInvis .     - Unarmed
rCold    . . .     Gourm    .   (no shield)
rNeg     . . .     Faith    .   (armour unavailable)
rPois    .         Spirit   .   (helmet restricted)
rElec    .         Reflect  .   (no cloak)
rCorr    .         Harm     .   (no gloves)
MR       .....                  (no boots)
Stlth    +.........             (no amulet)
HPRegen  0.11/turn              (no ring)
MPRegen  0.10/turn              (no ring)

@: appendage (expiring), corroded
A: unfitting armour, horns 2, cold-blooded, AC +5
a: End Transformation


Innate Abilities, Weirdness & Mutations

Your plain brown scales are hard. (AC +5)
You cannot fit into any form of body armour.
You are cold-blooded and may be slowed by cold attacks.
You have a pair of horns on your head.


   Skills:
 - Level 1.1 Fighting
 - Level 1.7 Dodging
 + Level 4.0 Unarmed Combat
 - Level 2.3 Spellcasting
 + Level 3.3 Transmutations
 + Level 0.2 Ice Magic


You couldn't memorise any spells.
You knew the following spells:

 Your Spells              Type           Power        Failure   Level  Hunger
a - Beastly Appendage     Tmut           ##....       6%          1    #......
b - Sticks to Snakes      Tmut           ##......     9%          2    ###....
c - Ice Form              Ice/Tmut       #.......     73%         4    #####..

Your spell library contained the following spells:

 Spells                   Type           Power        Failure   Level  Hunger
 Spider Form              Tmut/Pois      #.........   34%         3    ###....
 Blade Hands              Tmut           ##........   86%         5    ######.

Skill      XL: |  1  2  3  4 |
---------------+-------------+-----
Transmutations | 3 |  3.3
Unarmed Combat | 4 |  4.0
Fighting       | |  1.1
Dodging        | |  1.7
Spellcasting   | |  2.3
Ice Magic      | |  0.2

Action                   |  1- 3 |  4- 6 || total
-------------------------+-------+-------++-------
Melee: Unarmed           |   122 |    45 ||   167
       Tailslap          |    16 |     2 ||    18
       Headbutt          |     2 |     2 ||     4
       Kick              |     4 |     1 ||     5
       Punch             |     2 |       ||     2
 Cast: Beastly Appendage |     7 |     6 ||    13
       Sticks to Snakes  |     1 |       ||     1
 Stab: Sleeping          |     1 |       ||     1
  Eat: Ration            |     1 |       ||     1
       Chunk             |       |     2 ||     2
Armor: Skin              |    38 |    13 ||    51
Dodge: Dodged            |    78 |    33 ||   111

Inventory:

Missiles
 a - 61 arrows
Jewellery
 c - an uncursed ring of fire
Scrolls
 f - a scroll of amnesia {unknown}
 k - 2 scrolls of identify {unknown}
 l - a scroll of remove curse {unknown}
 m - a scroll of enchant armour {unknown}
 n - a scroll of blinking {unknown}
Potions
 b - 2 potions of curing {unknown}
 d - a potion of might {unknown}
 g - a potion of brilliance {unknown}
 h - a potion of heal wounds {unknown}
 i - a potion of lignification {unknown}
Comestibles
 e - 4 rations


You were on level 2 of the Dungeon.
You were not hungry.
You had grown temporary horns.
You visited 1 branch of the dungeon, and saw 3 of its levels.

You collected 105 gold pieces.

Dungeon Overview and Level Annotations

Branches:
Dungeon (3/15)

Altars:

Annotations:
D:2 Ijyb
D:3 Sigmund

### #.#### #.g..#
#.#@## ############.#.#
#........(##.#.#
#.######.###.#.# ##'###
#.# #.#)# #..(.####.#
#...# #....##.#.#
#.#.#######
#....##.#.###.#.......#
##'####.#........####.#
######


You could see Ijyb.

Notes
Turn   | Place    | Note
-------+----------+-------------------------------------------
     0 | D:1      | theanonym the Draconian Transmuter began the quest for the
                  | Orb.
     0 | D:1      | Reached XP level 1. HP: 16/16 MP: 3/3
    43 | D:1      | HP: 8/16 [kobold/+0 club (5)]
   281 | D:1      | Reached XP level 2. HP: 18/23 MP: 3/5
   288 | D:1      | Learned a level 2 spell: Sticks to Snakes
   698 | D:1      | Reached XP level 3. HP: 28/28 MP: 6/6
  1145 | D:2      | HP: 13/28 [worm (3)]
  1557 | D:2      | Reached skill level 3 in Transmutations
  1788 | D:2      | Reached XP level 4. HP: 33/35 MP: 7/7
  2177 | D:3      | Reached skill level 4 in Unarmed Combat
  2234 | D:3      | Noticed Sigmund
  2241 | D:3      | Learned a level 4 spell: Ice Form
  2343 | D:2      | HP: 16/35 [orc/+0 short sword (3)]
  2521 | D:3      | Noticed Ijyb
  2537 | D:2      | HP: 17/35 [acid (14)]
  2538 | D:2      | HP: 5/35 [Ijyb/bolt of acid (12)]
  2538 | D:2      | Splashed by Ijyb's acid

Vanquished Creatures
  A gnoll (D:1)
  2 adders (D:2)
  A worm (D:2)
  A dart slug (D:1)
  2 leopard geckos
  4 orcs
  2 giant cockroaches
  7 goblins
  5 hobgoblins
  7 kobolds
  A quokka (D:2)
  A ball python (D:2)
  6 bats
  2 frilled lizards (D:2)
  3 rats
45 creatures vanquished.

Vanquished Creatures (others)
  An orc (D:3)
1 creature vanquished.

Grand Total: 46 creatures vanquished

Table legend:
 A = Turns spent in this place as a percentage of turns spent in the entire game.
 B = Non-inter-level travel turns spent in this place as a percentage of non-inter-level travel turns spent in the entire game.
 C = Inter-level travel turns spent in this place as a percentage of turns spent in this place.
 D = Turns resting spent in this place as a percentage of non-inter-level travel turns spent in this place.
 E = Turns spent auto-exploring this place as a percentage of non-inter-level travel turns spent in this place.
 F = Non-inter-level travel turns spent in this place divided by the number of levels of this place that you've seen.
                   A       B       C       D       E      F
               +-------+-------+-------+-------+-------+----------------------
         Total | 100.0 | 100.0 |   4.8 |  30.8 |  54.4 | 805.3
       Dungeon | 100.0 | 100.0 |   4.8 |  30.8 |  54.4 | 805.3
               +-------+-------+-------+-------+-------+----------------------
